General information
- name: BNet
- type: Ladder team game (AT/RT)
- host: Battle.net
- saver: FOXMoon.
map: GoldRush
- players: 8
- length: 115:24
- speed: Fast
- version: 1.26 W3XP
- replay type: Public
» download(337 KB)
Players
team 1 (winner)

»
TOO_MANY_HACKER (
red | 119 APM | 1837 actions | 15:29)
5 Pit Lord
3 Rain of Fire
2 Cleaving Attack
» actions
| Assign group hotkey | 528 | |
| Basic commands | 57 | |
| Build / train | 54 | |
| Enter build submenu | 19 | |
| Enter hero's abilities submenu | 5 | |
| Give item / drop item | 2 | |
| Remove unit from queue | 1 | |
| Right click | 517 | |
| Select / deselect | 151 | |
| Select group hotkey | 429 | |
| Use ability | 74 | |
1837 total
» units
| Acolyte | 7 | |
| Ghoul | 11 | |
| Frost Wyrm | 8 | |
26 total
» upgrades
| Creature Attack | 3 | |
| Creature Carapace | 3 | |
| Freezing Breath | 1 | |
7 total
» buildings
| Ziggurat | 8 | |
| Crypt | 1 | |
| Altar of Darkness | 1 | |
| Tomb of Relics | 1 | |
| Halls of the Dead | 1 | |
| Graveyard | 1 | |
| Black Citadel | 1 | |
| Necropolis | 1 | |
| Sacrificial Pit | 1 | |
| Boneyard | 4 | |
20 total
» build order
00:08 Ziggurat
00:23 Crypt
00:53 Ziggurat
01:04 Altar of Darkness
01:42 Tomb of Relics
02:12 Ziggurat
04:34 Halls of the Dead
05:52 Graveyard
06:57 Black Citadel
07:13 Necropolis
07:17 Sacrificial Pit
08:02 Ziggurat
09:29 Boneyard
09:30 Boneyard
09:31 Boneyard
09:43 Boneyard
11:43 Ziggurat
11:44 Ziggurat
11:45 Ziggurat
12:01 Ziggurat
» items
| Rod of Necromancy | 2 | |
| Scroll of Town Portal | 1 | |
| Potion of Healing | 5 | |
| Potion of Mana | 2 | |
| Orb of Corruption | 1 | |
| Scroll of Healing | 1 | |
12 total
FOXMoon. (
green | 35 APM | 4073 actions | 115:24)
5 Mountain King
3 Storm Bolt
2 Thunder Clap
10 Firelord
3 Soul Burn
3 Incinerate
1 Volcano
3 Summon Lava Spawn
10 Goblin Tinker
3 Engineering Upgrade
3 Pocket Factory
3 Cluster Rockets
1 Robo-Goblin
1 Lich
1 Dark Ritual
3 Death Knight
2 Death Coil
1 Unholy Aura
» actions
| Assign group hotkey | 69 | |
| Basic commands | 264 | |
| Build / train | 168 | |
| Enter build submenu | 46 | |
| Enter hero's abilities submenu | 32 | |
| Give item / drop item | 26 | |
| Remove unit from queue | 3 | |
| Right click | 2133 | |
| Select / deselect | 972 | |
| Select group hotkey | 142 | |
| Use ability | 213 | |
4073 total
» units
| Peasant | 10 | |
| Footman | 7 | |
| Siege Engine | 16 | |
| Sorceress | 18 | |
| Spell Breaker | 8 | |
| Knight | 3 | |
| Frost Wyrm | 3 | |
| Acolyte | 1 | |
66 total
» upgrades
| Masonry | 3 | |
| Gunpowder | 3 | |
| Plating | 3 | |
| Barrage | 1 | |
| Lumber Harvesting | 2 | |
| Sorceress Training | 2 | |
| Backpack | 1 | |
| Magic Sentry | 1 | |
| Control Magic | 1 | |
| Priest Training | 2 | |
| Armor | 1 | |
| Swords | 3 | |
| Animal War Training | 1 | |
24 total
» buildings
| Barracks | 1 | |
| Altar of Kings | 1 | |
| Farm | 14 | |
| Scout Tower | 9 | |
| Arcane Tower | 3 | |
| Keep | 5 | |
| Lumber Mill | 3 | |
| Guard Tower | 6 | |
| Blacksmith | 1 | |
| Workshop | 2 | |
| Castle | 3 | |
| Cannon Tower | 3 | |
| Town Hall | 2 | |
| Arcane Vault | 1 | |
| Arcane Sanctum | 1 | |
| Spirit Tower | 2 | |
| Necropolis | 1 | |
| Ziggurat | 3 | |
| Altar of Darkness | 1 | |
62 total
» build order
00:04 Barracks
00:06 Altar of Kings
00:11 Farm
01:50 Farm
02:06 Scout Tower
02:19 Farm
02:34 Arcane Tower
03:13 Keep
03:13 Keep
03:14 Keep
03:18 Scout Tower
03:32 Lumber Mill
04:35 Guard Tower
04:49 Farm
05:42 Blacksmith
06:22 Workshop
06:56 Castle
07:02 Workshop
08:11 Scout Tower
08:12 Scout Tower
08:16 Scout Tower
08:45 Guard Tower
09:34 Cannon Tower
09:44 Guard Tower
09:48 Scout Tower
09:50 Scout Tower
10:16 Guard Tower
10:45 Farm
10:47 Farm
10:55 Guard Tower
12:02 Farm
12:04 Scout Tower
13:01 Farm
13:14 Cannon Tower
13:56 Farm
15:02 Farm
20:01 Farm
21:55 Town Hall
25:30 Keep
25:41 Scout Tower
25:48 Arcane Vault
26:50 Arcane Tower
27:14 Farm
27:17 Farm
28:33 Arcane Sanctum
28:36 Castle
29:05 Lumber Mill
31:54 Farm
32:41 Spirit Tower
32:42 Spirit Tower
60:00 Town Hall
64:25 Lumber Mill
96:53 Necropolis
97:08 Ziggurat
100:04 Ziggurat
100:07 Ziggurat
100:21 Altar of Darkness
» items
| Circlet of Nobility | 2 | |
| Boots of Speed | 2 | |
| Staff of Teleportation | 2 | |
| Orb of Fire | 1 | |
| Potion of Healing | 1 | |
| Mechanical Critter | 2 | |
| Scroll of Town Portal | 1 | |
| Scroll of Healing | 2 | |
| Periapt of Vitality | 1 | |
14 total
Lich_King (
purple | 60 APM | 1370 actions | 22:48)
3 Lich
1 Frost Armor
2 Frost Nova
2 Death Knight
1 Death Coil
1 Unholy Aura
» actions
| Assign group hotkey | 25 | |
| Basic commands | 74 | |
| Build / train | 43 | |
| Enter build submenu | 23 | |
| Enter hero's abilities submenu | 6 | |
| Right click | 768 | |
| Select / deselect | 254 | |
| Select group hotkey | 149 | |
| Use ability | 28 | |
1370 total
» units
| Acolyte | 8 | |
| Ghoul | 16 | |
| Crypt Fiend | 4 | |
| Frost Wyrm | 1 | |
29 total
» upgrades
| Web | 1 | |
| Creature Attack | 1 | |
| Freezing Breath | 1 | |
3 total
» buildings
| Crypt | 2 | |
| Altar of Darkness | 1 | |
| Ziggurat | 10 | |
| Nerubian Tower | 1 | |
| Halls of the Dead | 1 | |
| Graveyard | 1 | |
| Tomb of Relics | 1 | |
| Black Citadel | 1 | |
| Sacrificial Pit | 1 | |
| Slaughterhouse | 1 | |
| Boneyard | 2 | |
| Spirit Tower | 1 | |
23 total
» build order
00:06 Crypt
00:09 Altar of Darkness
00:14 Ziggurat
01:21 Nerubian Tower
01:45 Ziggurat
02:19 Crypt
05:27 Ziggurat
05:28 Ziggurat
09:05 Halls of the Dead
10:08 Graveyard
10:39 Ziggurat
10:42 Tomb of Relics
11:49 Black Citadel
12:41 Sacrificial Pit
16:02 Slaughterhouse
16:06 Boneyard
16:08 Boneyard
17:27 Ziggurat
17:29 Ziggurat
17:32 Ziggurat
17:33 Ziggurat
17:49 Ziggurat
19:51 Spirit Tower

»
HeroRanDOOM (
yellow | 105 APM | 1916 actions | 18:17)
3 Dreadlord
2 Vampiric Aura
1 Sleep
1 Death Knight
1 Death Coil
» actions
| Assign group hotkey | 14 | |
| Build / train | 77 | |
| Enter build submenu | 18 | |
| Enter hero's abilities submenu | 5 | |
| Give item / drop item | 2 | |
| Remove unit from queue | 2 | |
| Right click | 831 | |
| Select / deselect | 241 | |
| Select group hotkey | 684 | |
| Use ability | 42 | |
1916 total
» units
| Acolyte | 7 | |
| Ghoul | 12 | |
| Crypt Fiend | 15 | |
| Obsidian Statue | 1 | |
| Abomination | 2 | |
| Frost Wyrm | 1 | |
38 total
» upgrades
| Creature Attack | 1 | |
| Creature Carapace | 1 | |
| Burrow | 0 | |
| Web | 1 | |
| Disease Cloud | 1 | |
| Unholy Strength | 1 | |
| Unholy Armor | 1 | |
6 total
» buildings
| Ziggurat | 10 | |
| Crypt | 1 | |
| Altar of Darkness | 1 | |
| Nerubian Tower | 1 | |
| Graveyard | 1 | |
| Tomb of Relics | 1 | |
| Halls of the Dead | 3 | |
| Necropolis | 1 | |
| Spirit Tower | 3 | |
| Black Citadel | 3 | |
| Slaughterhouse | 3 | |
28 total
» build order
00:13 Ziggurat
00:20 Crypt
00:52 Altar of Darkness
01:17 Ziggurat
02:26 Ziggurat
03:09 Nerubian Tower
04:26 Graveyard
06:42 Ziggurat
06:45 Ziggurat
07:38 Ziggurat
07:39 Ziggurat
07:40 Ziggurat
07:41 Ziggurat
07:43 Ziggurat
10:01 Tomb of Relics
11:05 Halls of the Dead
11:06 Halls of the Dead
11:25 Necropolis
11:28 Spirit Tower
11:29 Spirit Tower
11:30 Spirit Tower
13:28 Black Citadel
13:28 Black Citadel
13:34 Slaughterhouse
13:36 Slaughterhouse
13:37 Slaughterhouse
» items
| Boots of Speed | 1 | |
| Periapt of Vitality | 1 | |
| Orb of Corruption | 2 | |
| Scroll of Town Portal | 1 | |
5 total
team 2 (loser)
SoapyHands (
orange | 45 APM | 521 actions | 11:41)
2 Goblin Tinker
1 Pocket Factory
1 Engineering Upgrade
» actions
| Assign group hotkey | 16 | |
| Basic commands | 27 | |
| Build / train | 37 | |
| ESC pressed | 1 | |
| Enter build submenu | 18 | |
| Enter hero's abilities submenu | 2 | |
| Right click | 141 | |
| Select / deselect | 131 | |
| Select group hotkey | 102 | |
| Use ability | 46 | |
521 total
» units
» upgrades
» buildings
| Altar of Kings | 2 | |
| Farm | 11 | |
| Barracks | 1 | |
| Scout Tower | 5 | |
| Arcane Tower | 1 | |
| Town Hall | 1 | |
| Keep | 2 | |
| Lumber Mill | 1 | |
| Guard Tower | 2 | |
| Arcane Vault | 1 | |
| Blacksmith | 1 | |
28 total
» build order
00:15 Altar of Kings
00:20 Farm
00:34 Barracks
01:18 Farm
01:27 Scout Tower
01:47 Arcane Tower
02:36 Farm
04:26 Town Hall
04:56 Keep
05:00 Farm
06:47 Lumber Mill
07:10 Scout Tower
07:11 Scout Tower
07:15 Scout Tower
07:16 Scout Tower
07:24 Farm
07:25 Farm
07:52 Guard Tower
08:36 Guard Tower
08:46 Altar of Kings
09:11 Farm
09:12 Farm
09:34 Arcane Vault
11:16 Blacksmith
11:19 Keep
11:38 Farm
11:39 Farm
11:39 Farm
» items
| Scroll of Regeneration | 1 | |
| Lesser Clarity Potion | 1 | |
2 total
rlcethebackstab (
teal | 28 APM | 3187 actions | 115:21)
8 Mountain King
3 Storm Bolt
3 Bash
1 Avatar
1 Thunder Clap
3 Death Knight
1 Unholy Aura
1 Death Coil
1 Animate Dead
8 Goblin Tinker
2 Pocket Factory
2 Engineering Upgrade
1 Robo-Goblin
3 Cluster Rockets
» actions
| Assign group hotkey | 48 | |
| Basic commands | 38 | |
| Build / train | 194 | |
| Enter build submenu | 31 | |
| Enter hero's abilities submenu | 19 | |
| Give item / drop item | 21 | |
| Remove unit from queue | 4 | |
| Right click | 1496 | |
| Select / deselect | 508 | |
| Select group hotkey | 642 | |
| Use ability | 185 | |
3187 total
» units
| Peasant | 15 | |
| Footman | 8 | |
| Gryphon Rider | 39 | |
| Crypt Fiend | 28 | |
| Acolyte | 5 | |
| Priest | 9 | |
| Sorceress | 9 | |
| Forest Troll Shadow Priest | 1 | |
| Forest Troll Berserker | 1 | |
| Mud Golem | 1 | |
| Ogre Mauler | 2 | |
118 total
» upgrades
| Masonry | 2 | |
| Burrow | 1 | |
| Storm Hammers | 1 | |
| Sorceress Training | 2 | |
| Priest Training | 2 | |
8 total
» buildings
| Altar of Kings | 1 | |
| Barracks | 1 | |
| Farm | 34 | |
| Scout Tower | 3 | |
| Arcane Tower | 1 | |
| Arcane Vault | 1 | |
| Keep | 1 | |
| Lumber Mill | 1 | |
| Guard Tower | 1 | |
| Castle | 2 | |
| Gryphon Aviary | 3 | |
| Town Hall | 5 | |
| Crypt | 1 | |
| Spirit Tower | 1 | |
| Ziggurat | 2 | |
| Arcane Sanctum | 3 | |
61 total
» build order
00:12 Altar of Kings
00:23 Barracks
00:39 Farm
00:56 Farm
01:39 Farm
01:49 Scout Tower
02:24 Arcane Tower
02:43 Arcane Vault
03:20 Keep
03:34 Lumber Mill
03:53 Scout Tower
03:53 Scout Tower
04:18 Farm
04:37 Guard Tower
05:48 Castle
07:26 Gryphon Aviary
07:31 Gryphon Aviary
07:47 Farm
07:47 Farm
11:10 Town Hall
14:08 Farm
14:08 Farm
14:09 Farm
15:36 Crypt
15:39 Spirit Tower
16:25 Town Hall
17:28 Farm
17:29 Farm
18:24 Farm
18:24 Farm
18:24 Farm
19:51 Gryphon Aviary
19:53 Farm
19:53 Farm
19:54 Farm
19:54 Farm
20:04 Town Hall
22:30 Farm
22:31 Farm
22:31 Farm
25:28 Town Hall
28:34 Ziggurat
28:46 Arcane Sanctum
28:46 Arcane Sanctum
28:48 Arcane Sanctum
28:51 Farm
28:52 Farm
28:52 Farm
28:53 Farm
28:54 Farm
28:54 Farm
28:55 Farm
28:55 Farm
28:56 Farm
28:57 Farm
29:20 Ziggurat
32:30 Castle
35:49 Farm
35:49 Farm
36:24 Town Hall
» items
| Scroll of Regeneration | 3 | |
| Lesser Clarity Potion | 2 | |
| Scroll of Town Portal | 5 | |
| Potion of Healing | 12 | |
| Potion of Mana | 1 | |
| Staff of Sanctuary | 1 | |
| Orb of Fire | 1 | |
| Periapt of Vitality | 1 | |
| Tome of Retraining | 1 | |
| Scroll of Healing | 4 | |
| Boots of Speed | 1 | |
| Staff of Teleportation | 1 | |
| Potion of Invisibility | 1 | |
| Orb of Corruption | 1 | |
35 total
death0669 (
pink | 20 APM | 288 actions | 14:32)
2 Paladin
1 Holy Light
1 Divine Shield
» actions
| Build / train | 39 | |
| Enter build submenu | 20 | |
| Enter hero's abilities submenu | 2 | |
| Right click | 71 | |
| Select / deselect | 137 | |
| Use ability | 18 | |
288 total
» units
| Peasant | 5 | |
| Footman | 18 | |
| Rifleman | 4 | |
| Acolyte | 3 | |
30 total
» upgrades
| Lumber Harvesting | 1 | |
| Masonry | 1 | |
2 total
» buildings
| Altar of Kings | 1 | |
| Farm | 5 | |
| Scout Tower | 3 | |
| Lumber Mill | 1 | |
| Barracks | 1 | |
| Guard Tower | 2 | |
| Blacksmith | 1 | |
| Keep | 1 | |
| Gryphon Aviary | 1 | |
| Arcane Vault | 1 | |
| Castle | 1 | |
18 total
» build order
00:17 Altar of Kings
00:21 Farm
00:31 Scout Tower
01:13 Farm
01:22 Lumber Mill
02:06 Barracks
02:39 Guard Tower
03:12 Farm
03:40 Blacksmith
05:20 Farm
05:58 Keep
07:00 Scout Tower
07:35 Guard Tower
07:40 Scout Tower
09:03 Gryphon Aviary
10:38 Arcane Vault
12:55 Farm
14:15 Castle

»
NeoExdeath (
blue | 31 APM | 358 actions | 11:38)
3 Death Knight
2 Death Coil
1 Unholy Aura
» actions
| Build / train | 32 | |
| Enter build submenu | 14 | |
| Enter hero's abilities submenu | 3 | |
| Remove unit from queue | 1 | |
| Right click | 199 | |
| Select / deselect | 92 | |
| Use ability | 17 | |
358 total
» units
| Acolyte | 5 | |
| Ghoul | 4 | |
| Crypt Fiend | 10 | |
19 total
» upgrades
» buildings
| Ziggurat | 7 | |
| Altar of Darkness | 1 | |
| Crypt | 1 | |
| Nerubian Tower | 1 | |
| Graveyard | 1 | |
| Tomb of Relics | 1 | |
| Halls of the Dead | 1 | |
| Spirit Tower | 1 | |
| Black Citadel | 1 | |
| Necropolis | 1 | |
16 total
» build order
00:08 Ziggurat
00:11 Altar of Darkness
00:16 Crypt
01:02 Nerubian Tower
01:14 Ziggurat
01:57 Graveyard
02:19 Tomb of Relics
02:30 Ziggurat
03:14 Ziggurat
04:02 Ziggurat
04:10 Ziggurat
05:00 Halls of the Dead
06:59 Spirit Tower
10:28 Black Citadel
10:36 Ziggurat
11:03 Necropolis
» items
| Scroll of Regeneration | 1 | |
| Scroll of Town Portal | 1 | |
| Boots of Speed | 1 | |
3 total
Chat log
(00:07 / All) FOXMoon.: gg gl
(00:17 / Allies) Lich_King: rush or no
(00:20 / Allies) FOXMoon.: cc
(00:31 / Allies) HeroRanDOOM: ya rush
(00:36 / Allies) HeroRanDOOM: ghouls rush
(00:37 / Allies) Lich_King: lich ghoul
(00:40 / Allies) HeroRanDOOM: to my place
(00:50 / All) rlcethebackstab: heil george w bush
(00:53 / All) rlcethebackstab: best man ever
(01:04 / All) Lich_King: glory to the scourge!
(01:10 / Allies) HeroRanDOOM: i got dread
(01:10 / All) FOXMoon.: george w. bush is the greatest president to ever grace the usa
(02:34 / Allies) Lich_King: going
(02:42 / Allies) TOO_MANY_HACKER: i dont need help
(02:44 / Allies) HeroRanDOOM: lol nice red
(03:06 / Allies) TOO_MANY_HACKER: codl tower asap
(03:22 / Allies) TOO_MANY_HACKER: lets go ladies
(03:31 / Allies) Lich_King: go up
(03:44 / Allies) FOXMoon.: top left is on our side
(03:47 / Allies) TOO_MANY_HACKER: wait for me and green
(03:48 / Allies) FOXMoon.: target the top middle
(03:50 / Allies) TOO_MANY_HACKER: or its bad
(03:52 / Allies) FOXMoon.: top left is a bser
(04:00 / All) TOO_MANY_HACKER: OK GREEN HAS MAP HACK
(04:04 / All) TOO_MANY_HACKER: WHAT A FUCKIN TOOL
(04:06 / All) FOXMoon.: lol no
(04:10 / All) FOXMoon.: he told me in chat
(04:13 / All) FOXMoon.: private chat
(04:21 / All) NeoExdeath: wow
(04:26 / All) NeoExdeath: Maphacks=pathetic
(04:30 / All) TOO_MANY_HACKER: green u need hack in fuckin rt?
(04:32 / All) FOXMoon.: I'm serious, he told me
(04:44 / All) TOO_MANY_HACKER: if i go there green
(04:46 / Allies) Lich_King: go
(04:47 / All) TOO_MANY_HACKER: and its what u said
(04:49 / Allies) HeroRanDOOM: k
(04:50 / All) TOO_MANY_HACKER: im fuckin banning u
(04:53 / Allies) HeroRanDOOM: go
(05:05 / Allies) HeroRanDOOM: main
(05:06 / All) FOXMoon.: that's hard to do when I'm not hacking and he actually told me in chat
(06:28 / All) TOO_MANY_HACKER: NOTICE GREEN ISNT RUSHING
(06:34 / Allies) Lich_King: yes
(06:37 / All) FOXMoon.: I'm macroing
(06:39 / All) TOO_MANY_HACKER: caus ehes hackin u blue
(06:41 / Allies) FOXMoon.: to gryphons
(06:48 / All) TOO_MANY_HACKER: tellin us where u gusya re and goin
(07:31 / All) TOO_MANY_HACKER: whats next green
(07:37 / All) FOXMoon.: nothing?
(07:41 / All) FOXMoon.: like I said, I'm not hacking
(07:49 / All) FOXMoon.: ricethebackstab just told me where he is
(08:18 / All) NeoExdeath: wow
(08:22 / All) TOO_MANY_HACKER: TOLD U
(08:26 / All) FOXMoon.: ???
(08:27 / All) TOO_MANY_HACKER: GREEN SAID EXPO TOP COMRNER
(08:28 / All) FOXMoon.: what?
(08:30 / All) FOXMoon.: yep
(08:34 / All) FOXMoon.: rice told me where he was
(08:37 / All) FOXMoon.: in private chat
(09:08 / All) NeoExdeath: so he is bsing us
(09:12 / All) FOXMoon.: no
(09:17 / All) TOO_MANY_HACKER: green said oraneg ahd base in top corner
(09:47 / All) NeoExdeath: you said teal said it
(09:52 / All) FOXMoon.: yes
(09:52 / All) TOO_MANY_HACKER: GREEN SAID THAT NOT ME
(09:55 / All) TOO_MANY_HACKER: im goin by green
(10:36 / Allies) FOXMoon.: ty
(10:44 / Allies) HeroRanDOOM: np
(12:36 / Allies) Lich_King: 11 ghouls on wood
(15:29 / All) FOXMoon.: nub
(17:19 / Allies) Lich_King: who the fuck was controling red to feed?
(17:24 / Allies) FOXMoon.: idk
(17:26 / Allies) FOXMoon.: must be yellow
(17:52 / All) FOXMoon.: die backstabber
(18:22 / All) FOXMoon.: noob backstabbing yellow
(18:31 / All) rlcethebackstab: nice
(19:03 / All) FOXMoon.: i fucking hate backstabbers like yellow, jesus
(19:12 / All) rlcethebackstab: im reporting green
(19:14 / All) rlcethebackstab: to bliz
(19:18 / All) FOXMoon.: wtf why
(19:24 / All) FOXMoon.: I'm just fighting backstabbing noobs
(19:29 / All) rlcethebackstab: you roon the game
(19:35 / All) FOXMoon.: WTF PURP IS BACKSATBBING
(19:47 / All) FOXMoon.: ANOTHER BSING MOTHERFUCKER
(20:24 / All) FOXMoon.: die backstabbing fucker
(22:13 / All) FOXMoon.: stop bsing purp you noob
(22:16 / All) FOXMoon.: fuck you
(22:50 / All) rlcethebackstab: nice
(23:06 / All) rlcethebackstab: lets screw around and make level 6 firelords?
(23:09 / All) FOXMoon.: ok
(23:14 / All) rlcethebackstab: i want to eat so ill stay in game
(23:16 / All) FOXMoon.: I'll buy mine now
(23:32 / All) rlcethebackstab: buy and ill give u the girffs
(23:48 / All) rlcethebackstab: move ur mk away
(23:49 / All) FOXMoon.: have to get keep first, forgot he killed my castle
(23:52 / All) rlcethebackstab: when he revives
(24:00 / All) rlcethebackstab: when u get the fl i mean
(24:16 / All) FOXMoon.: we should get level 10 tinkerers too
(24:29 / All) rlcethebackstab: aight
(24:46 / All) rlcethebackstab: so be honest, do u think im crazy about kindoms of amalur? Ithink its going to be incredible
(24:53 / All) FOXMoon.: no
(24:59 / All) FOXMoon.: I think it looks really good
(25:50 / All) rlcethebackstab: its been proven with estimates that the world is bigger than oblivions
(25:58 / All) FOXMoon.: must be huge
(26:03 / All) rlcethebackstab: move reds worm
(26:06 / All) rlcethebackstab: top middle
(26:15 / All) FOXMoon.: top middle?
(26:20 / All) rlcethebackstab: very top
(26:20 / All) FOXMoon.: oh
(26:52 / All) rlcethebackstab: tier 2?
(26:56 / All) rlcethebackstab: make stuff so ic an get exp
(26:59 / All) FOXMoon.: just over halfway done
(27:27 / All) rlcethebackstab: hurt me
(27:29 / All) rlcethebackstab: go
(27:54 / All) FOXMoon.: BOOM
(28:00 / All) FOXMoon.: firelord
(28:05 / All) rlcethebackstab: move ur mk away now
(29:06 / All) rlcethebackstab: any new info regarding skyrim
(29:24 / All) FOXMoon.: not that I can think of right now
(29:36 / All) FOXMoon.: oh yeah
(29:40 / All) FOXMoon.: the dark brotherhood is back
(29:48 / All) FOXMoon.: it's like the oblivion one and has the same writer
(30:34 / All) FOXMoon.: the dark brotherhood was probably the best questline in oblivion, so it's good that it's back
(30:45 / All) FOXMoon.: almost level 3
(30:59 / All) rlcethebackstab: i liked it, especially that quest where you kill everybody in the locked hosue, a spoof on haunted hill
(31:06 / All) FOXMoon.: that one was fun
(31:10 / All) FOXMoon.: whodunit, I think it was called
(31:38 / All) rlcethebackstab: that level 7 creep just killed a farm then looked at my arcane sanctuary building for 10 seconds and just stared
(32:03 / All) rlcethebackstab: wheres ur units i already got level 3 tinker
(32:23 / All) FOXMoon.: here they are
(32:57 / All) FOXMoon.: level 4 firelord
(33:12 / All) rlcethebackstab: the mk will give 3 levels u know
(34:50 / All) rlcethebackstab: mki isnt far away enough
(35:37 / All) FOXMoon.: stupid priest
(36:15 / All) FOXMoon.: almost level 6
(36:32 / All) FOXMoon.: level 6 firelord
(36:39 / All) FOXMoon.: now I just need mana
(36:56 / All) FOXMoon.: they're following the firelord
(37:29 / All) rlcethebackstab: actually
(37:42 / All) rlcethebackstab: bring ur fire lord to middle and bring tinker, there is a ton of ground shit
(37:45 / All) rlcethebackstab: use volcanoe on it
(37:57 / All) FOXMoon.: you're killing my base :(
(39:13 / All) rlcethebackstab: bring firelord up more
(39:17 / All) rlcethebackstab: gold mien above that
(39:40 / All) rlcethebackstab: ill drop orb
(40:17 / All) rlcethebackstab: bring ur filord up
(40:31 / All) rlcethebackstab: follow me
(40:56 / All) rlcethebackstab: hold on
(40:58 / All) rlcethebackstab: stay there
(41:43 / All) rlcethebackstab: bring tinker now
(42:01 / All) rlcethebackstab: try to aim volcanoe so it isn't stunning ur firelord
(42:41 / All) rlcethebackstab: its not hurting u?
(42:48 / All) FOXMoon.: nope
(43:25 / All) rlcethebackstab: u gonna get any other rpgs
(43:30 / All) rlcethebackstab: like dark souls
(43:35 / All) rlcethebackstab: or war in the north
(43:44 / All) FOXMoon.: haven't played dark souls before
(44:39 / All) FOXMoon.: the last major fallout new vegas dlc was released
(44:45 / All) FOXMoon.: so I played that
(44:56 / All) rlcethebackstab: i saw on g4tv xplay about that, called lone something
(45:00 / All) FOXMoon.: lonesome road
(45:07 / All) FOXMoon.: ROBOGOBLIN
(47:08 / All) rlcethebackstab: let me kill ur hero
(47:13 / All) FOXMoon.: ok
(48:28 / All) rlcethebackstab: own't
(48:34 / All) rlcethebackstab: tinkers are coolest hero
(48:41 / All) FOXMoon.: yeah
(48:45 / All) rlcethebackstab: im gonna get some food, ill leave game on here, watching tv too
(48:47 / All) FOXMoon.: may not be the most powerful
(48:51 / All) FOXMoon.: but they are the most awesome
(48:54 / All) rlcethebackstab: they're so cool
(49:04 / All) FOXMoon.: robogoblin form is really cool
(56:57 / All) rlcethebackstab: u here
(56:59 / All) FOXMoon.: yeah
(57:05 / All) FOXMoon.: I could swear my money disappeared
(57:10 / All) FOXMoon.: don't have enough for a town hall
(57:15 / All) rlcethebackstab: i always like doing this, its the ultimate slap in the face to the other players, especially if the ystay
(57:21 / All) FOXMoon.: lol
(57:26 / All) FOXMoon.: mexican standoffs are fun
(58:39 / All) rlcethebackstab: i got 18k gold
(58:45 / All) FOXMoon.: can I have some?
(58:51 / All) FOXMoon.: don't know how we'd transfer it
(58:52 / All) rlcethebackstab: come to left shopt
(58:53 / All) FOXMoon.: items, maybe?
(59:34 / All) rlcethebackstab: "M" to not attack me
(59:39 / All) rlcethebackstab: u got a orc?
(59:43 / All) FOXMoon.: no
(59:48 / All) FOXMoon.: my entire team was UD except for me
(60:07 / All) FOXMoon.: probably why I steamrolled them so easily
(60:28 / All) FOXMoon.: undead is so bad compared to races like orc
(60:30 / All) FOXMoon.: blademaster OP
(60:49 / All) rlcethebackstab: what did u say was hilarious earlier? I was focused on killing yellow and purp
(61:25 / All) FOXMoon.: checked chat and don't see it
(61:26 / All) FOXMoon.: dunno
(61:35 / All) FOXMoon.: was it the comment saying that mexican standoffs are fun?
(62:00 / All) rlcethebackstab: it was the chat i think
(62:02 / All) rlcethebackstab: u and red
(62:05 / All) rlcethebackstab: were arguing
(62:06 / All) rlcethebackstab: i think
(62:18 / All) FOXMoon.: oh yeah
(62:22 / All) FOXMoon.: he was saying I was a maphacker
(62:25 / All) FOXMoon.: since I knew where you were
(62:48 / All) FOXMoon.: I said that you just told me, and he was saying basically "NUH-UH, MAPHACKER!!!
(62:50 / All) FOXMoon.: "
(63:49 / All) FOXMoon.: if this was sc2
(63:55 / All) FOXMoon.: the players would be thinking
(64:03 / All) FOXMoon.: WHY THE FUCK ISN'T THAT GAME ON MY MATCH HISTORY YET?
(64:13 / All) rlcethebackstab: true
(64:42 / All) rlcethebackstab: i hope i get a good computer this christmas, i actually want to play sc2 and mess around in 4v4
(64:48 / All) rlcethebackstab: are custom games still garbage
(65:00 / All) rlcethebackstab: diablo 3 may come out soon too
(65:05 / All) FOXMoon.: I don't think they're as good as wc3s, but there's some cooler stuff now
(65:16 / All) FOXMoon.: someone is working on basically an entirely new game for it
(65:24 / All) FOXMoon.: it plays nothing like an rts, is more like an action rpg
(65:43 / All) FOXMoon.: "Starcraft: MMO" or something, don't remember the name, but it didn't even play like starcraft. was pretty amazing
(66:48 / All) FOXMoon.: the overall skill level has improved a lot in sc2
(67:00 / All) FOXMoon.: players, even in bronze, are a lot better than they used to be
(67:32 / All) FOXMoon.: It's been nerfed slightly now, but I was able to use the zerg infestor's fungal growth ability to kill entire huge armies with
(67:35 / All) FOXMoon.: just energy
(67:41 / All) rlcethebackstab: players in bronze used to trade wins, like i did, lots of those players were diamond players
(67:44 / All) rlcethebackstab: it was so broken
(67:53 / All) FOXMoon.: yeah
(67:58 / All) rlcethebackstab: fun though
(68:03 / All) rlcethebackstab: what icons u got now
(68:12 / All) FOXMoon.: I was in a silver 4v4 against 2 masters players, 1 diamond player, and a bronze player
(68:32 / All) FOXMoon.: I mostly still use my sarah kerrigan portrait, but I also have the 10 win for each team game race one, and 100 win zerg team g
(68:33 / All) FOXMoon.: ame one
(68:46 / All) FOXMoon.: plus I think I have the 25 and 50 win random RT one
(68:48 / All) FOXMoon.: *RT
(69:49 / All) FOXMoon.: the terran's ghost unit is used a bit more now, and a lot more in higher level leagues
(70:02 / All) rlcethebackstab: thats the guy with nuclear bombs
(70:03 / All) rlcethebackstab: right
(70:07 / All) FOXMoon.: it's insane. snipe can basically 3 shot any unit, emp destroys all protoss shields, and they can nuke people
(70:09 / All) FOXMoon.: yeah
(70:13 / All) FOXMoon.: plus they can cloak
(70:36 / All) FOXMoon.: I watched one match of sc2 where this guy had 20 ghosts and beat 20 ultralisks with them
(70:37 / All) FOXMoon.: crazy
(71:28 / All) rlcethebackstab: sc2 doesn't really have ell for bronze players right? if you go 500 games below 50% you can still get in games
(71:31 / All) rlcethebackstab: unlike this game?
(71:34 / All) FOXMoon.: yeah
(71:41 / All) FOXMoon.: you can get games quickly in any league
(71:50 / All) FOXMoon.: it's mostly the playerbase, it has mmr, which is basically idential to ell
(71:53 / All) rlcethebackstab: i was one of those players who left at start of games and got a 150 team win icon in a week
(71:58 / All) FOXMoon.: lol
(72:36 / All) rlcethebackstab: i do miss wow, i just like the world and environments in it
(72:45 / All) FOXMoon.: in sc2, I'm in gold 4v4, diamond 2v2, and silver 3v3 now
(72:52 / All) FOXMoon.: wow had really nice scenery
(72:53 / All) rlcethebackstab: ddamn
(72:56 / All) FOXMoon.: I liked zangarmarsh
(73:03 / All) rlcethebackstab: have u improved a lot on sc2
(73:09 / All) FOXMoon.: definitely
(73:24 / All) FOXMoon.: it's hard to rank up in 4v4s though, since you can get idiots like that red guy on your team
(73:36 / All) FOXMoon.: or someone who just makes 200 marines and shits themselves when it's countered
(73:40 / All) rlcethebackstab: red was on ur team!
(73:45 / All) FOXMoon.: I know
(73:56 / All) FOXMoon.: he was the guy making farms all over the place in the slalom map
(74:01 / All) rlcethebackstab: oh
(74:08 / All) FOXMoon.: not this red guy
(74:10 / All) rlcethebackstab: i th=whers ur tinker
(74:18 / All) FOXMoon.: on my way
(74:56 / All) FOXMoon.: it's dota
(75:13 / All) rlcethebackstab: u have improved in this game too
(75:17 / All) FOXMoon.: thanks
(75:32 / All) FOXMoon.: the sc2 practise made me better at wc3, I think
(75:46 / All) FOXMoon.: it's weird going from a macro intensive game to a micro instensive game though
(78:19 / All) FOXMoon.: damn
(78:24 / All) FOXMoon.: 3 heroes took on an army
(78:53 / All) rlcethebackstab: i first started playing when firelord patch came in 2005, it'll always have ap lace in my heart
(78:55 / All) rlcethebackstab: the firelord
(79:02 / All) rlcethebackstab: 2004 i think
(79:12 / All) FOXMoon.: I started playing just before the first and last map contest and before the new heroes
(79:24 / All) rlcethebackstab: alchemist and fl?
(79:28 / All) FOXMoon.: we didn't have firelord, tinkerer, alchemist, and probably a couple of others I forgot about
(79:39 / All) rlcethebackstab: u started a bit before me then
(79:48 / All) FOXMoon.: not by much though
(84:00 / All) FOXMoon.: frost armour on firelord wtf
(84:02 / All) rlcethebackstab: nice armor
(87:24 / All) rlcethebackstab: im gonna have house to myself for a month so ic an play wc3 all day long
(87:30 / All) FOXMoon.: haha
(88:16 / All) FOXMoon.: level 10 tinkerer finally
(89:22 / All) FOXMoon.: noooooooooooo
(89:27 / All) FOXMoon.: no you'll heal
(90:21 / All) FOXMoon.: Where'd your tinkerer go?
(90:27 / All) rlcethebackstab: coming to own u
(90:33 / All) FOXMoon.: right
(93:43 / All) rlcethebackstab: everybody has bad records in this game
(93:45 / All) rlcethebackstab: doesnt matter whow ins
(94:02 / All) FOXMoon.: most people have bad records unless they're luck, drop hack, or only play 1v1
(94:15 / All) FOXMoon.: *lucky
(97:32 / All) FOXMoon.: Is your tinkerer even still alive?
(98:39 / All) FOXMoon.: Are you still there?
(98:43 / All) rlcethebackstab: all right my burgers are done, want to play another game in 10 min
(98:44 / All) rlcethebackstab: yes
(98:47 / All) FOXMoon.: sure
(98:50 / All) FOXMoon.: I'd be up for another game
(98:57 / All) rlcethebackstab: ill leave game here gonna watch tv right here
(99:09 / All) rlcethebackstab: 15 min, ill start counting
(108:07 / All) rlcethebackstab: 5 min
(108:18 / All) FOXMoon.: do you have any spare claws of attack +6?
(108:24 / All) FOXMoon.: I'd be able to have a +37 damage tinkerer
(108:31 / All) FOXMoon.: with 1675 health and 720 mana
(108:55 / All) rlcethebackstab: kj
(108:59 / All) rlcethebackstab: dead
(109:15 / All) FOXMoon.: you have no units to go to a tavern?
(113:17 / All) rlcethebackstab: k
(113:38 / All) FOXMoon.: 1800 Hp tinkerer
(113:41 / All) FOXMoon.: 9 armor
(113:50 / All) FOXMoon.: 49 - 55 +31 damage
(113:57 / All) FOXMoon.: 48 str, 29 agi, 47 int
(113:59 / All) FOXMoon.: damn
(114:45 / All) FOXMoon.: I think I killed every creep on the map
(115:03 / All) FOXMoon.: want to do another 4v4 now?
(115:09 / All) rlcethebackstab: yes
(115:11 / All) FOXMoon.: 6vUs rather
(115:17 / All) rlcethebackstab: meet in ggl or channel jake
(115:19 / All) FOXMoon.: k